cohdb
Replays
Latest Replays
All Replays
Popular Replays
Top Player Replays
Match Explorer
How It Works
Community
CoH3 Stats
Reddit
Sign in to upload your games and track your stats! →
Sign in with Steam
Match 46728057
Unlisted
Match 46728057
Overview
Messages
Build Orders
End
Construct Infanterie Kompanie
Grenadier Squad
Selects Luftwaffe Battlegroup
Selects Luftwaffe Pioneer Support
Fallschirmpioneer Squad Paradrop
Grenadier Squad
MG 42 Machine Gun Team
Medical Station
Construct Luftwaffe Kompanie
Selects Stuka Strafing Run
Selects LG40 Recoilless Gun Paradrop
221 Scout Car
Stuka Strafing Run
MG 42 Machine Gun Team
Support Elements
LG40 Recoilless Gun Paradrop
Selects Fallschirmjäger Squad Paradrop
Wirbelwind Flakpanzer
Jäger Squad
Construct Panzer Kompanie
Panzer IV Medium Tank
Selects Stuka Loiter
Stuka Loiter
Panzer IV Medium Tank
Kettenkrad Recon Vehicle
Panzer IV Medium Tank
Stuka Loiter
Selects Infantry Reserves
Fallschirmjäger Squad Paradrop
Stuka Loiter
Stuka Strafing Run
Medical Bunker
Fallschirmjäger Squad Paradrop
Kray-Tos
忠!诚!北!上!
Reculus
JTJ ︻デ 一
0
0
Comments
sign in to comment!
No comments posted yet!